 Dungeon Crawl Stone Soup version 0.28-a0-305-g9e858e973b (webtiles) character file.

Game seed: 6557307943333336824

1259 Shayle the Martial Artist (level 8, -3/56 HPs)
             Began as a Djinni Warper on Aug 30, 2021.
             Slain by a black bear (9 damage)
             ... on level 7 of the Dungeon.
             The game lasted 00:17:30 (11011 turns).

Shayle the Martial Artist (Djinni Warper)          Turns: 11011, Time: 00:17:30

Health: -3/56      AC:  3    Str: 10    XL:     8   Next: 81%
Gold:   194        EV: 11    Int: 17    God:
                   SH:  0    Dex: 13

rFire   + + .      SeeInvis .     - Unarmed
rCold   x . .      Faith    .   (no shield)
rNeg    . . .      Spirit   .   a - +0 leather armour
rPois   ∞          Reflect  .   (no helmet)
rElec   .          Harm     .   (no cloak)
rCorr   .          Rampage  .   (no gloves)
Will    .....                   (boots unavailable)
Stlth   +.........              (no amulet)
HPRegen 0.18/turn               (no ring)
MPRegen 0.00/turn               (no ring)

@: flying
A: sickness immunity, fire resistance 2, cold vulnerability 1, float, innate
caster, hp casting, extra vitality 1
a: no special abilities


You were on level 7 of the Dungeon.
You visited 2 branches of the dungeon, and saw 8 of its levels.

You collected 320 gold pieces.
You spent 126 gold pieces at shops.

Inventory:

Hand Weapons
 f - a +1 dagger of holy wrath
 k - a +1 whip of venom
 t - the +2 hand axe of Hoasezea {pain, rPois rC+}
   (You found it on level 5 of the Dungeon)

   In the hands of one skilled in necromantic magic, it inflicts extra damage on
   living creatures.
   rC:        It protects you from cold.
   rPois:     It protects you from poison.
Missiles
 i - 5 boomerangs
 n - 7 silver boomerangs (quivered)
Armour
 a - a +0 leather armour (worn)
Wands
 c - a wand of charming (8)
 o - a wand of flame (11)
 p - a wand of paralysis (4)
Scrolls
 e - 3 scrolls of enchant armour
 g - a scroll of brand weapon
 h - 2 scrolls of fog
 m - a scroll of immolation
 s - a scroll of identify
Potions
 d - 3 potions of haste
 j - 2 potions of brilliance
 l - 2 potions of heal wounds
 q - a potion of berserk rage


   Skills:
 + Level 3.0 Fighting
 - Level 0.7 Throwing
 - Level 1.0 Armour
 - Level 2.1 Dodging
 + Level 9.7 Unarmed Combat
 - Level 2.4 Spellcasting
 + Level 2.0 Invocations


You couldn't memorise any spells.
You knew the following spells:

 Your Spells              Type           Power      Damage    Failure   Level
a - Blink                 Tloc           N/A        N/A       14%         2
b - Lesser Beckoning      Tloc           10%        N/A       28%         3
c - Gell's Gravitas       Tloc           5%         N/A       28%         3
d - Teleport Other        Tloc           10%        N/A       28%         3
e - Manifold Assault      Tloc           10%        N/A       95%         5
f - Pain                  Necr           40%        1d6       10%         1
g - Call Imp              Summ           10%        N/A       14%         2
h - Call Canine Familiar  Summ           10%        N/A       28%         3
Your spell library was empty.

Dungeon Overview and Level Annotations

Branches:
Dungeon (7/15)             Temple (1/1) D:4

Altars:
Ashenzari
Hepliaklqana
Kikubaaqudgha
Nemelex Xobeh
Okawaru
Qazlal
Ru
Sif Muna
Trog
Vehumet
Wu Jian
Xom
Yredelemnul
Zin
The Shining One

Shops:
D:4 ?   D:6 ::


Innate Abilities, Weirdness & Mutations

You are immune to sickness and miasma.
You are immune to poison.
Your flesh is very heat resistant. (rF++)
You are vulnerable to cold. (rC-)
You float through the air rather than walking.
You learn spells naturally, not from books.
Your magical power is your life essence.
You have superior vitality. (+4 HP)


Message History

The black bear goes berserk!
You barely miss the black bear.
The black bear is almost dead.
The black bear bites you. The black bear claws you.
The black bear barely misses you.
You closely miss the black bear.
The black bear is severely wounded.
The black bear bites you! The black bear claws you.
* * * LOW HITPOINT WARNING * * *
The black bear claws you.
* * * LOW HITPOINT WARNING * * *
The black bear bites you.
* * * LOW HITPOINT WARNING * * *
The black bear barely misses you. The black bear misses you.
Blink to where?
Press: ? - help, Dir - move target, p - black bear
As you read the scroll of blinking, it crumbles to dust.
You hear an angry growl.
Throw: 8 boomerangs (silver)
Press: ? - help, Q - select action, (/) - cycle Shift-Dir - straight line, f - black bear
Aim: a black bear (severely wounded, berserk, 65% to hit)
You throw a silver boomerang.
The silver boomerang hits the black bear.
The black bear is almost dead.
Throw: 7 boomerangs (silver)
Press: ? - help, Q - select action, (/) - cycle Shift-Dir - straight line, f/p - black bear
Aim: a black bear (almost dead, berserk, 65% to hit)
You throw a silver boomerang.
The silver boomerang hits the black bear but does no damage.
The black bear is almost dead.
Aiming: Corrosive Bolt
Press: ? - help, Shift-Dir - straight line, f/p - black bear
Aim: a black bear (almost dead, berserk, 79% to hit)
The bolt of acid misses the black bear.
Aiming: Corrosive Bolt
Press: ? - help, Shift-Dir - straight line, f/p - black bear
Aim: a black bear (almost dead, berserk, 79% to hit)
The bolt of acid misses the black bear.
The now-empty wand crumbles to dust.
The black bear bites you!
You die...

########....#
#....# ##.###
########.# ##
....[..<.# ..
########.# .#
#.# .#
#.########.#
#.@h.......#
############


You could see a black bear (berserk).

Vanquished Creatures
  A sky beast (D:6)
  An ice beast (D:5)
  A centaur (D:5)
  A phantom (D:4)
  2 bullfrogs (D:6)
  2 scorpions (D:6)
  5 gnolls
  3 jellies
  2 orc priests (D:5)
  2 iguanas (D:5)
  An orc wizard (D:4)
  3 killer bee zombies
  6 adders
  A white imp (D:6)
  An adder skeleton (D:4)
  A worm (D:4)
  7 dart slugs
  11 orcs
  8 endoplasms
  6 giant cockroaches
  8 goblins
  6 hobgoblins
  4 jackals (D:3)
  6 kobolds
  4 quokkas
  7 ball pythons
  3 bats
  5 frilled lizards
  7 rats
115 creatures vanquished.

Vanquished Creatures (collateral kills)
  An ice beast (D:4)
  A howler monkey (D:5)
  2 gnolls
  3 dart slugs (D:4)
7 creatures vanquished.

Vanquished Creatures (others)
  A gnoll shaman (D:6)
1 creature vanquished.

Grand Total: 123 creatures vanquished

Notes
Turn   | Place    | Note
-------+----------+-------------------------------------------
     0 | D:1      | Shayle the Djinni Warper began the quest for the Orb.
     0 | D:1      | Reached XP level 1. HP: 18/18 MP: 0/0
    84 | D:1      | Reached XP level 2. HP: 11/23 MP: 0/0
   469 | D:1      | Reached skill level 3 in Unarmed Combat
   771 | D:1      | Reached XP level 3. HP: 16/28 MP: 0/0
   771 | D:1      | Learned a level 1 spell: Pain
  2033 | D:2      | Reached skill level 4 in Unarmed Combat
  2033 | D:2      | Reached XP level 4. HP: 11/33 MP: 0/0
  3442 | D:2      | Found a faded altar of an unknown god.
  4104 | D:4      | Reached XP level 5. HP: 34/38 MP: 0/0
  4104 | D:4      | Learned a level 2 spell: Call Imp
  4182 | D:4      | Found a stormy altar of Qazlal.
  4328 | D:4      | Reached skill level 5 in Unarmed Combat
  4379 | D:4      | You are sucked into a shaft and drop 1 floor!
  4379 | D:5      | Entered Level 5 of the Dungeon
  4379 | D:5      | Noticed a centaur
  4388 | D:5      | Killed a centaur
  4389 | D:5      | Reached XP level 6. HP: 12/43 MP: 0/0
  4392 | D:5      | Reached skill level 6 in Unarmed Combat
  4487 | D:5      | HP: 1/43 [killer bee zombie (5)]
  4908 | D:6      | Reached skill level 7 in Unarmed Combat
  4908 | D:6      | Reached XP level 7. HP: 26/49 MP: 0/0
  4908 | D:6      | Learned a level 3 spell: Call Canine Familiar
  5231 | D:6      | Found Ziuc's Book Shoppe.
  5233 | D:6      | Found an ornate altar of the Wu Jian Council.
  5274 | D:6      | Found Gemuilaa's Book Shoppe.
  5859 | D:4      | Found a glowing golden altar of the Shining One.
  5957 | D:4      | Reached skill level 8 in Unarmed Combat
  6836 | D:4      | Reached XP level 8. HP: 37/54 MP: 0/0
  7074 | D:4      | Found Zaison's Magic Scroll Shoppe.
  7083 | D:4      | Bought a scroll of noise for 14 gold pieces
  7083 | D:4      | Bought a scroll of identify for 28 gold pieces
  7088 | D:4      | Bought a scroll of identify for 28 gold pieces
  7088 | D:4      | Bought a scroll of identify for 28 gold pieces
  7088 | D:4      | Bought a scroll of identify for 28 gold pieces
  7204 | D:4      | Found a staircase to the Ecumenical Temple.
  7217 | Temple   | Entered the Ecumenical Temple
  8173 | D:5      | Reached skill level 9 in Unarmed Combat
  8326 | D:5      | Identified the +2 hand axe of Hoasezea {pain, rPois rC+}
  9533 | D:6      | Reached skill level 1 in Invocations
  9900 | D:6      | Found a bloodstained altar of Trog.
 10836 | D:6      | Found a basalt altar of Yredelemnul.
 11011 | D:7      | Slain by a black bear

Illustrated notes

Levels and vault maps discovered:
D:1:      scummos_arrival_gate, layout_loops_corners
D:2:      layout_basic, hellmonk_ecumenical_altar_inner_sanctum
D:3:      layout_rooms, serial_corexii_hall, corexii_hall_statues_x,
          corexii_hall_statues_u
D:4:      layout_basic, nicolae_tso_swordbearing_angel, grunt_qazlal_sundering,
          minmay_temple_entry_offerings, serial_shops, nicolae_lakefront_shop,
          serial_curves, eino_curves_02, eino_curves_02, eino_curves_02,
          feat_on_display
D:5:      layout_basic
D:6:      layout_basic, lemuel_zombie_altar_yredelemnul,
          mainiacjoe_overflow_boulevard, nzn_wu_jian_council_hall, serial_shops,
          nicolae_shop_stone, shop_fountains
D:7:      layout_basic, elyvilon_altar_5, eat_drink_and_be_merry_uskayaw,
          lemuel_another_geyser, uniq_prince_ribbit1, uniq_duvessa
Temple:   jpeg_temple_alley_garden

Skill      XL: |  1  2  3  4  5  6  7  8 |
---------------+-------------------------+-----
Unarmed Combat | 3 4 5 7 8 9 |  9.7
Invocations    | 2 |  2.0
Fighting       | 3 |  3.0
Throwing       | |  0.7
Armour         | |  1.0
Dodging        | |  2.1
Spellcasting   | |  2.4

Action                   |  1- 3 |  4- 6 |  7- 9 || total
-------------------------+-------+-------+-------++-------
Melee: Unarmed           |   130 |   134 |   154 ||   418
       Punch             |     2 |     4 |     4 ||    10
       Hand axe          |       |       |    55 ||    55
Throw: Boomerang         |     5 |       |    15 ||    20
       Throwing net      |       |     1 |       ||     1
 Cast: Pain              |       |    30 |       ||    30
       Call Imp          |       |     9 |     7 ||    16
       Call Canine Famil |       |       |     1 ||     1
       Blink             |       |       |     1 ||     1
Evoke: Wand              |       |     7 |    10 ||    17
  Use: Scroll            |     1 |       |    13 ||    14
       Potion            |       |     2 |       ||     2
 Stab: Paralysed         |       |     8 |     6 ||    14
       Distracted        |       |       |     1 ||     1
Armor: Leather armour    |    23 |    42 |    29 ||    94
Dodge: Dodged            |    59 |    68 |    87 ||   214

Table legend: (Time is in decaauts)
 A = Elapsed time spent in this place.
 B = Non-inter-level travel time spent in this place.
 C = Inter-level travel time spent in this place.
 D = Time resting spent in this place.
 E = Time spent auto-exploring this place.
 F = Levels seen in this place.
 G = Mean time per level.
                   A        B        C        D        E       F      G
               +--------+--------+--------+--------+--------+-----+--------+
         Total |  10971 |  10775 |    196 |   3371 |   5967 |   8 | 1371.4 |
       Dungeon |  10740 |  10597 |    143 |   3371 |   5794 |   7 | 1534.3 |
        Temple |    230 |    177 |     53 |      0 |    173 |   1 |  230.0 |
               +--------+--------+--------+--------+--------+-----+--------+

Top non-repeatable levels by time:
     D:6: 2128 daAuts
     D:4: 2017 daAuts
     D:1: 1922 daAuts
     D:5: 1889 daAuts
     D:2: 1556 daAuts
     D:3: 1186 daAuts
  Temple: 230 daAuts
     D:7: 39 daAuts
